 Dungeon Crawl Stone Soup version 0.31-a0-437-g7cee417757 (webtiles) character file.

Game seed: 5540448587958090599

249 Ethylacetat the Insei (level 6, -1/33 HPs)
             Began as a Vine Stalker Monk on Aug 2, 2023.
             Was a Priest of Lugonu.
             Slain by a gnoll
             ... wielding a +0 club
             ... led by a gnoll bouda
              (5 damage)
             ... on level 4 of the Dungeon.
             The game lasted 00:06:34 (1882 turns).

Ethylacetat the Insei (Vine Stalker Monk)           Turns: 1882, Time: 00:06:35

Health: -1/33      AC:  7    Str: 13 (14) XL:     6   Next: 12%
Magic:  0/11       EV:  9    Int:  7 (10) God:    Lugonu [***...]
Gold:   130        SH:  0    Dex: 15 (18) Spells: 10/10 levels left

rFire   + .          .
                       - Unarmed
rCold   . . .        c - orb {light}
rNeg    . . .        f - +1 scale mail {rF+}
rPois   .            (no helmet)
rElec   .            (no cloak)
rCorr   .            (no gloves)
SInv    .            (no boots)
Will    .....        (no amulet) Stlth
                     (no ring)
HPRegen 1.05/turn    (no ring)
MPRegen 0.12/turn

%: guardian spirit
@: mighty, weakened, attractive, glowing
A: fangs 2, regeneration 1, magic shield, antimagic bite, no potion heal 2
a: Renounce Religion, Depart the Abyss, Banish


You were on level 4 of the Dungeon.
You worshipped Lugonu.
Lugonu was most pleased with you.
You visited 1 branch of the dungeon, and saw 5 of its levels.

You collected 130 gold pieces.

Inventory:

Missiles
 h - 9 poisoned darts (quivered)
Armour
 c - an orb of light (worn)
 f - a +1 scale mail of fire resistance (worn)
Wands
 m - a wand of paralysis (5)
Scrolls
 a - a scroll of identify {unknown}
 d - a scroll of poison {unknown}
 j - 3 scrolls of enchant weapon {unknown}
 k - a scroll of fear {unknown}
 l - a scroll of teleportation {unknown}
 n - a scroll of blinking {unknown}
Potions
 b - a potion of curing
 e - 3 potions of attraction


   Skills:
 + Level 3.7 Fighting
 - Level 2.4 Dodging
 * Level 5.1 Unarmed Combat
 + Level 2.6 Spellcasting


You had 10 spell levels left.
You didn't know any spells.
Your spell library was empty.

Dungeon Overview and Level Annotations

Branches:
Dungeon (5/15)
 Temple: D:4-7

Altars:
Lugonu

Shops:
D:1 ?


Innate Abilities, Weirdness & Mutations

You have extremely sharp teeth.
Your natural rate of healing is unusually fast.
When hurt, damage is shared between your health and your magic reserves.
Your bite disrupts and absorbs the magic of your enemies.
Potions cannot restore your health.


Message History

The gnoll closely misses you. The gnoll hits you but does no damage.
It was a potion of might.
You feel very mighty all of a sudden. The gnoll barely misses you.
The gnoll hits you from afar with a +2 antimagic spear.
You punch the gnoll!
You kill the gnoll!
Lugonu accepts your kill.
The gnoll bouda gazes fiercely through you!
You feel as though you will be weak longer.
The gnoll hits you from afar with a +2 antimagic spear.
* * * LOW HITPOINT WARNING * * *
The gnoll is attracted toward you.
The gnoll is no longer moving quickly. x2; The gnoll is attracted toward you.
The gnoll is no longer moving quickly.
The gnoll bouda barks out a call to the hunt!
The gnolls pick up the pace!
The gnoll bouda is attracted toward you.
The gnoll is attracted toward you. x2; Something is attracted toward you.
The gnoll bouda is attracted toward you.
The gnoll bouda attacks as you move away!
The gnoll bouda barely misses you. The gnoll is attracted toward you.
The gnoll is attracted toward you. x2
The gnoll attacks as you move away!
The gnoll hits you with a +2 antimagic spear.
* * * LOW HITPOINT WARNING * * *
You feel your power leaking away. The gnoll closely misses you.
The gnoll is attracted toward you. x2
The gnoll bouda attacks as you move away!
The gnoll bouda hits you with a +0 whip.
* * * LOW HITPOINT WARNING * * *
The gnoll hits you from afar with a +2 antimagic spear.
* * * LOW HITPOINT WARNING * * *
The gnoll is attracted toward you. x2
The gnoll bouda attacks as you move away!
The gnoll bouda barely misses you. The gnoll is attracted toward you.
You hit the gnoll.
The gnoll is lightly wounded.
The gnoll hits you with a +0 club.
You die...

###### #....### #......#
#......### #........#
#......#.# #.§g...#g#
###########gggg§.#g#######
#..........@######gg..g..#
#.####......# #g§...g.###
#.# #......# #......g...
#.# #......# #.......##.
#># #......# #.......# #.#
#.....## #.......# #.#
#.##+## #......!# #.# #..
######### #.# ###


You could see a gnoll bouda and 4 gnolls.

Vanquished Creatures
  2 ice beasts (D:5)
  A gnoll (D:4)
  An adder (D:3)
  3 worms
  2 dart slugs
  2 orcs (D:3)
  3 ball pythons
  2 endoplasms (D:2)
  A giant cockroach (D:1)
  6 hobgoblins
  2 jackals (D:5)
  3 kobolds
  4 quokkas
  4 bats
  A frilled lizard (D:2)
  7 rats
44 creatures vanquished.

Notes
Turn   | Place    | Note
-------+----------+-------------------------------------------
     0 | D:1      | Ethylacetat the Vine Stalker Monk began the quest for the
                  | Orb.
     0 | D:1      | Reached XP level 1. HP: 11/11 MP: 2/2
   166 | D:1      | Reached XP level 2. HP: 16/16 MP: 3/3
   732 | D:1      | Found Delenyatz's Magic Scroll Boutique.
   892 | D:2      | Reached skill level 1 in Spellcasting
   922 | D:2      | Reached XP level 3. HP: 17/20 MP: 5/5
   946 | D:2      | Found a faded altar of an unknown god.
   961 | D:2      | Prayed at the altar of an unknown god.
   961 | D:2      | Became a worshipper of Lugonu the Unformed
   961 | D:2      | Reached * piety under Lugonu
   961 | D:2      | Reached ** piety under Lugonu
  1264 | D:2      | Reached *** piety under Lugonu
  1616 | D:3      | Reached skill level 4 in Unarmed Combat
  1616 | D:3      | Gained mutation: Your natural rate of healing is unusually
                  | fast. [Vine Stalker growth]
  1616 | D:3      | Reached XP level 4. HP: 24/24 MP: 7/7
  1703 | D:3      | You fall into a shaft and drop 2 floors!
  1703 | D:5      | Entered Level 5 of the Dungeon
  1705 | D:5      | Noticed an ice beast
  1723 | D:5      | Killed an ice beast
  1724 | D:5      | Reached XP level 5. HP: 28/28 MP: 7/9
  1741 | D:5      | Noticed an ice beast
  1760 | D:5      | Killed an ice beast
  1761 | D:5      | Reached skill level 5 in Unarmed Combat
  1761 | D:5      | Reached XP level 6. HP: 22/33 MP: 6/10
  1882 | D:4      | Slain by a gnoll

Illustrated notes

Levels and vault maps discovered:
D:1:      denvon_arrival_planthouse, layout_basic, serial_shops,
          nicolae_shop_rolled_up
D:2:      layout_basic, basic_ecumenical_altar,
          wander_ebering_terrifying_dragon_lair
D:3:      layout_basic, general_overflow_altar, nicolae_goblin_pals, uniq_robin
D:4:      layout_basic, mainiacjoe_overflow_six_doors_small,
          minmay_temple_entry_mist, uniq_grinder
D:5:      layout_basic

Skill      XL: |  1  2  3  4  5 |
---------------+----------------+-----
Spellcasting   | 1 2 |  2.6
Fighting       | 3 |  3.7
Unarmed Combat | 4 5 |  5.1
Dodging        | |  2.4

Action                     |  1- 3 |  4- 6 || total
---------------------------+-------+-------++-------
  Melee: Unarmed           |   103 |    48 ||   151
         Bite              |    34 |    19 ||    53
  Throw: Dart              |    10 |     9 ||    19
  Evoke: Wand              |       |     2 ||     2
    Use: Potion            |       |     4 ||     4
 Armour: Robe              |     9 |       ||     9
         Scale mail        |    19 |    15 ||    34
  Dodge: Dodged            |    39 |    24 ||    63

Table legend: (Time is in decaauts)
 A = Elapsed time spent in this place.
 B = Non-inter-level travel time spent in this place.
 C = Inter-level travel time spent in this place.
 D = Time resting spent in this place.
 E = Time spent auto-exploring this place.
 F = Levels seen in this place.
 G = Mean time per level.
                   A        B        C        D        E       F      G
               +--------+--------+--------+--------+--------+-----+--------+
         Total |   1869 |   1813 |     56 |     33 |   1339 |   5 |  373.8 |
       Dungeon |   1869 |   1813 |     56 |     33 |   1339 |   5 |  373.8 |
               +--------+--------+--------+--------+--------+-----+--------+

Top non-repeatable levels by time:
     D:1: 771 daAuts
     D:2: 711 daAuts
     D:3: 211 daAuts
     D:4: 103 daAuts
     D:5: 70 daAuts
